[Event "Turkish Youth Teams U18 2024"]
[Site "Karaman"]
[Date "2024.04.23"]
[Round "6"]
[White "Ozgor, Ezel"]
[Black "Aslan, Ela"]
[Result "1/2-1/2"]
[ECO "D37"]
[WhiteElo "1741"]
[BlackElo "1659"]
[Annotator "NA COMBH"]
[PlyCount "114"]
[EventDate "2024.04.21"]
[EventType "team-tourn"]
[EventCountry "TUR"]
[SourceTitle "playchess.com"]
[Source "ChessBase"]
[SourceQuality "1"]
[TimeControl "5400+30"]

1. d4 d5 2. Nf3 Nf6 3. c4 e6 4. e3 Be7 5. Nc3 O-O 6. a3 a5 7. b3 Nbd7 8. Bb2 c5 9. cxd5 exd5 10. Rc1 Re8 11. Be2 b6 12. Ne5 Ba6 13. Bxa6 Rxa6 14. Nc6 Qa8 15. Qd3 c4 16. Nxe7+ Rxe7 17. Qc2 Qc6 18. a4 Ra8 19. Nb5 Rae8 20. O-O Ne4 21. Rfd1 Nf8 22. bxc4 dxc4 23. d5 Qg6 24. Qxc4 Nc5 25. Ba3 Re4 26. Rd4 Rxd4 27. Nxd4 Nfd7 28. Qb5 Qe4 29. Qc6 h5 30. Bxc5 Nxc5 31. Qxb6 Nd3 32. Rd1 h4 33. d6 h3 34. Qc6 Qg4 35. Qf3 Qxf3 36. Nxf3 Nc5 37. gxh3 Nxa4 38. d7 Rd8 39. Ne5 Nc5 40. Rd5 Ne6 41. Nc6 Kf8 42. Nxd8 Nxd8 43. Rxa5 Ke7 44. Re5+ Kxd7 45. Rd5+ Ke7 46. Rxd8 Kxd8 47. Kg2 Ke7 48. f4 Kf6 49. Kf3 Kg6 50. h4 Kh5 51. Kg3 f5 52. Kf3 Kxh4 53. e4 fxe4+ 54. Kxe4 Kh3 55. Kf5 Kxh2 56. Kg6 Kg3 57. Kxg7 Kxf4 1/2-1/2

[Event "Turkish Youth Teams U18 2024"]
[Site "Karaman"]
[Date "2024.04.23"]
[Round "6"]
[White "Bozdag, Armagan Emre"]
[Black "Eracar, Ali Arda"]
[Result "1-0"]
[ECO "B91"]
[WhiteElo "1716"]
[BlackElo "1738"]
[Annotator "NA RC COMBH"]
[PlyCount "97"]
[EventDate "2024.04.21"]
[EventType "team-tourn"]
[EventCountry "TUR"]
[SourceTitle "playchess.com"]
[Source "ChessBase"]
[SourceQuality "1"]
[TimeControl "5400+30"]

1. e4 c5 2. Nf3 d6 3. d4 cxd4 4. Nxd4 Nf6 5. Nc3 a6 6. g3 g6 7. Bg2 Bg7 8. O-O O-O 9. h3 Nc6 10. Be3 Bd7 11. Nd5 Rc8 12. Nxc6 Bxc6 13. Re1 Nd7 14. c3 b5 15. f4 a5 16. Bd4 Bxd4+ 17. Qxd4 Bxd5 18. exd5 Re8 19. h4 Rc5 20. Re2 Nb6 21. Rae1 Qc7 22. h5 Rc4 23. Qd2 f5 24. Re6 Kf7 25. Qe2 Qd7 26. Bf3 Rc7 27. hxg6+ hxg6 28. Qh2 Rg8 29. Qh6 Ke8 30. Rxg6 Rxg6 31. Bh5 Kd8 32. Bxg6 Kc8 33. Qf8+ Kb7 34. Bxf5 e6 35. Rxe6 Nxd5 36. Rxd6 Qe7 37. Qxe7 Nxe7 38. Be4+ Ka7 39. f5 b4 40. cxb4 axb4 41. g4 Ng8 42. g5 Rc4 43. Ra6+ Kb8 44. Ra8+ Kc7 45. Rxg8 Rxe4 46. f6 Rf4 47. Rg7+ Kd8 48. f7 Ke7 49. g6 1-0

[Event "Turkish Youth Teams U18 2024"]
[Site "Karaman"]
[Date "2024.04.23"]
[Round "6"]
[White "Mullakutukcu, Ela"]
[Black "Engel, Ecrin Tuana"]
[Result "1/2-1/2"]
[ECO "A45"]
[WhiteElo "1693"]
[BlackElo "1619"]
[Annotator "NA RC COMBH"]
[PlyCount "151"]
[EventDate "2024.04.21"]
[EventType "team-tourn"]
[EventCountry "TUR"]
[SourceTitle "playchess.com"]
[Source "ChessBase"]
[SourceQuality "1"]
[TimeControl "5400+30"]

1. d4 Nf6 2. Bf4 c5 3. e3 Nd5 4. Bg3 Qb6 5. Nc3 Nxc3 6. bxc3 cxd4 7. exd4 d5 8. Bd3 Nc6 9. Ne2 g6 10. O-O Bg7 11. Rb1 Qd8 12. Qd2 O-O 13. Bf4 b6 14. Bh6 Na5 15. Rb4 Bb7 16. h4 Nc4 17. Qc1 e5 18. h5 Re8 19. Bg5 Bf6 20. Bxf6 Qxf6 21. hxg6 hxg6 22. Re1 Ba6 23. Ng3 exd4 24. cxd4 Qxd4 25. Rd1 Qf6 26. Qh6 Qg7 27. Qxg7+ Kxg7 28. Be2 Rad8 29. Bf3 Ne5 30. Ra4 Nxf3+ 31. gxf3 Bc4 32. Rxa7 Ra8 33. Rb7 Rxa2 34. Rxb6 Rxc2 35. Rc6 Ra2 36. Rc7 Rea8 37. Rd4 R8a7 38. Rc5 R2a5 39. Rc8 Rb7 40. Kg2 Ra2 41. Rd1 Rbb2 42. Nh1 Rd2 43. Re1 Re2 44. Rb1 Re5 45. Rc7 Ra3 46. Ng3 Rb3 47. Ra1 Re6 48. f4 Rf6 49. f5 Bd3 50. fxg6 Rxg6 51. Raa7 Be4+ 52. Kf1 Rf3 53. Nxe4 dxe4 54. Re7 Rgf6 55. Rxe4 Rxf2+ 56. Ke1 Rf1+ 57. Kd2 R6f2+ 58. Re2 Rxe2+ 59. Kxe2 Rb1 60. Kf3 Kg6 61. Ra6+ f6 62. Kg4 Rb4+ 63. Kf3 Kg5 64. Ra5+ f5 65. Ra8 Rb3+ 66. Kf2 Kg4 67. Rg8+ Kf4 68. Rf8 Rb2+ 69. Kf1 Rb5 70. Kf2 Re5 71. Ra8 Rb5 72. Ra4+ Kg5 73. Kf3 Rb3+ 74. Kf2 Rb7 75. Kf3 Rf7 76. Ra8 1/2-1/2

[Event "Turkish Youth Teams U18 2024"]
[Site "Karaman"]
[Date "2024.04.23"]
[Round "6"]
[White "Guzel, Eren"]
[Black "Saskin, Ayaz"]
[Result "1/2-1/2"]
[ECO "D02"]
[WhiteElo "1680"]
[BlackElo "1696"]
[Annotator "NA RC COMBH"]
[PlyCount "54"]
[EventDate "2024.04.21"]
[EventType "team-tourn"]
[EventCountry "TUR"]
[SourceTitle "playchess.com"]
[Source "ChessBase"]
[SourceQuality "1"]
[TimeControl "5400+30"]

1. d4 Nf6 2. Bf4 e6 3. Nf3 d5 4. e3 c5 5. c3 Nc6 6. Nbd2 cxd4 7. exd4 Nh5 8. Bg5 f6 9. Bh4 Bd6 10. Ne5 Nf4 11. Nd3 Ng6 12. Bg3 O-O 13. Be2 Qc7 14. Bxd6 Qxd6 15. O-O b6 16. Re1 Bb7 17. Qb3 Rad8 18. Rad1 Ba6 19. Qa4 Bxd3 20. Bxd3 Nf4 21. Bb1 e5 22. dxe5 fxe5 23. Qc2 Ng6 24. Kh1 Kh8 25. Kg1 Kg8 26. Kh1 Kh8 27. Kg1 Kg8 1/2-1/2

[Event "Turkish Youth Teams U18 2024"]
[Site "Karaman"]
[Date "2024.04.23"]
[Round "6"]
[White "Nurdogan, Ilgin Destina"]
[Black "Buyuk, Elvin Esma"]
[Result "1-0"]
[ECO "D04"]
[WhiteElo "1633"]
[BlackElo "1708"]
[Annotator "NA COMBH"]
[PlyCount "106"]
[EventDate "2024.04.21"]
[EventType "team-tourn"]
[EventCountry "TUR"]
[SourceTitle "playchess.com"]
[Source "ChessBase"]
[SourceQuality "1"]
[TimeControl "5400+30"]

1. d4 d5 2. Nf3 Nf6 3. e3 Bf5 4. c4 h6 5. Qb3 b6 6. cxd5 Nxd5 7. Bc4 e6 8. O-O c6 9. Re1 Nc7 10. e4 Bh7 11. Nc3 b5 12. Bf1 a5 13. d5 a4 14. Qd1 Bb4 15. Ne5 Qf6 16. Nxc6 Nxc6 17. dxc6 Rd8 18. Qc2 Bxc3 19. bxc3 e5 20. Ba3 Qxc6 21. Qb2 f6 22. Qb4 Kd7 23. c4 bxc4 24. Red1+ Kc8 25. Rab1 Na6 26. Qa5 Rxd1 27. Rb6 Qxb6 28. Qxb6 Nc7 29. Bd6 Rxd6 30. Qxd6 Rd8 31. Qc6 Rd4 32. f3 Bg8 33. Qxa4 c3 34. Qc2 Rd2 35. Qxc3 Rxa2 36. Qc5 Kb7 37. Qb4+ Ka7 38. Qe7 Kb7 39. Qxg7 Bb3 40. Qxf6 Ra5 41. Qxh6 Ra1 42. Qd2 Rb1 43. Qb4+ Kc8 44. Kf2 Ba2 45. Qa3 Be6 46. Ba6+ Kb8 47. Bd3 Rb6 48. Qc5 Rb3 49. Bc4 Rb2+ 50. Kg3 Bxc4 51. Qxc4 Rb6 52. Qc5 Re6 53. Qf8+ Re8 1-0

[Event "Turkish Youth Teams U18 2024"]
[Site "Karaman"]
[Date "2024.04.23"]
[Round "6"]
[White "Iyican, Sude"]
[Black "Tasdelen, Asuman Betul"]
[Result "1-0"]
[ECO "E81"]
[WhiteElo "1562"]
[BlackElo "1425"]
[Annotator "NA RC COMBH"]
[PlyCount "101"]
[EventDate "2024.04.21"]
[EventType "team-tourn"]
[EventCountry "TUR"]
[SourceTitle "playchess.com"]
[Source "ChessBase"]
[SourceQuality "1"]
[TimeControl "5400+30"]

1. d4 Nf6 2. c4 g6 3. Nc3 Bg7 4. e4 O-O 5. f3 d6 6. Be3 c6 7. Qd2 d5 8. e5 Ne8 9. cxd5 cxd5 10. Bd3 f6 11. f4 fxe5 12. fxe5 Bf5 13. Nge2 Nc7 14. O-O e6 15. Bxf5 Rxf5 16. Rxf5 gxf5 17. Nf4 Qe8 18. Qe2 Bh6 19. Nfxd5 Nxd5 20. Bxh6 Nxc3 21. bxc3 Nd7 22. Qf3 Rb8 23. Re1 Nb6 24. Qd3 Rc8 25. Re3 Rc7 26. Rg3+ Kh8 27. Qe3 Qh5 28. Qd2 Nc4 29. Qc1 Nb6 30. Bg5 h6 31. Rh3 Qg4 32. Rxh6+ Rh7 33. Rxe6 Qh5 34. Bf6+ Kg8 35. Qg5+ Qxg5 36. Bxg5 Rc7 37. Bd8 Rxc3 38. Bxb6 axb6 39. Rxb6 Rc1+ 40. Kf2 Rc2+ 41. Kf3 Rxa2 42. Rxb7 Rd2 43. Rd7 Kf8 44. d5 Ke8 45. e6 Rd3+ 46. Kf4 Rd2 47. Kxf5 Rxg2 48. Rh7 Rf2+ 49. Ke5 Ra2 50. Rh8+ Ke7 51. d6# 1-0

[Event "Turkish Youth Teams U18 2024"]
[Site "Karaman"]
[Date "2024.04.23"]
[Round "6"]
[White "Tasdelen, Buket"]
[Black "Acar, Zeynep"]
[Result "0-1"]
[ECO "B06"]
[WhiteElo "1495"]
[BlackElo "1671"]
[Annotator "NA RC COMBH"]
[PlyCount "96"]
[EventDate "2024.04.21"]
[EventType "team-tourn"]
[EventCountry "TUR"]
[SourceTitle "playchess.com"]
[Source "ChessBase"]
[SourceQuality "1"]
[TimeControl "5400+30"]

1. e4 c5 2. Nf3 g6 3. c3 d5 4. exd5 Qxd5 5. d4 Bg7 6. Be3 cxd4 7. Bxd4 Nf6 8. Na3 O-O 9. Bc4 Qe4+ 10. Qe2 Qxe2+ 11. Bxe2 Nc6 12. O-O Be6 13. h3 a6 14. Bc4 Bf5 15. Bb3 Be4 16. Bxf6 Bxf6 17. Nd2 Bd3 18. Rfe1 b5 19. Bd5 Rac8 20. Re3 Bf5 21. g4 Bd7 22. Ne4 Rfd8 23. Nc5 e6 24. Bg2 b4 25. Nc4 Be8 26. Nb7 bxc3 27. Nxd8 cxb2 28. Nxb2 Nxd8 29. Rb1 Rc2 30. Rb3 Bb5 31. a3 Bh4 32. Nd1 Nc6 33. R3b2 Rc5 34. Ne3 Nd4 35. Rb4 Ne2+ 36. Kh1 Bxf2 37. a4 Bd3 38. Rb8+ Kg7 39. Rd1 Bxe3 40. Rd8 Bc2 41. Re1 Ng3+ 42. Kh2 Bf4 43. Rd4 Ne2+ 44. Rxf4 Nxf4 45. Bb7 Nd5 46. Bxa6 Bxa4 47. g5 h6 48. gxh6+ Kxh6 0-1

[Event "Turkish Youth Teams U18 2024"]
[Site "Karaman"]
[Date "2024.04.23"]
[Round "6"]
[White "Kilic, Melis"]
[Black "Aydin, Erem"]
[Result "0-1"]
[ECO "E05"]
[WhiteElo "1455"]
[BlackElo "1546"]
[Annotator "NA RC COMBH"]
[PlyCount "69"]
[EventDate "2024.04.21"]
[EventType "team-tourn"]
[EventCountry "TUR"]
[SourceTitle "playchess.com"]
[Source "ChessBase"]
[SourceQuality "1"]
[TimeControl "5400+30"]

1. Nf3 d5 2. g3 Nf6 3. Bg2 e6 4. O-O Be7 5. c4 O-O 6. d4 dxc4 7. Ne5 Nc6 8. Nxc6 bxc6 9. Bxc6 Rb8 10. Nc3 Bb7 11. Bg2 Bxg2 12. Kxg2 Qd7 13. b3 cxb3 14. axb3 Qc6+ 15. Kg1 Qxc3 16. Bf4 Bd6 17. Bxd6 cxd6 18. Rxa7 Qxb3 19. Qa1 h6 20. Ra6 d5 21. e3 Ne4 22. Ra3 Qb2 23. Kg2 Rfc8 24. Qxb2 Rxb2 25. Kg1 Rcc2 26. Kg2 Nxf2 27. Kf3 Ne4 28. Kg4 g6 29. h3 h5+ 30. Kh4 g5+ 31. Kxh5 Kg7 32. Kg4 f5+ 33. Kh5 Rh2 34. Ra7+ Kf6 35. h4 0-1

[Event "Turkish Youth Teams U18 2024"]
[Site "Karaman"]
[Date "2024.04.24"]
[Round "7"]
[White "Durak, Can"]
[Black "Tezcan, Alper"]
[Result "1-0"]
[ECO "A13"]
[WhiteElo "2446"]
[BlackElo "1894"]
[Annotator "TA"]
[PlyCount "89"]
[EventDate "2024.04.21"]
[EventType "team-tourn"]
[EventCountry "TUR"]
[SourceTitle "playchess.com"]
[Source "ChessBase"]
[SourceQuality "1"]
[TimeControl "5400+30"]

1. Nf3 d5 2. e3 Nf6 3. c4 e6 4. Nc3 Be7 5. b3 c5 6. cxd5 Nxd5 7. Bb2 O-O 8. Qc2 b6 9. Nxd5 exd5 10. d4 {[%emt 0:00:30] The position is equal.} Ba6 11. Bxa6 Nxa6 12. dxc5 bxc5 13. O-O Qd6 14. Rfd1 Qe6 15. Bc3 Rfd8 16. Qb2 Bf8 17. Ba5 Rd7 18. Rac1 Re8 19. h3 Nb8 20. Bc3 Nc6 21. Qc2 h6 22. Ba1 Nb4 23. Qb1 Nc6 24. Ne1 Red8 25. Bb2 Qe4 26. Kf1 f5 27. Qxe4 dxe4 ({Reject} 27... fxe4 28. Ba3 $14) 28. Rxd7 Rxd7 29. Ke2 Kf7 (29... Nb4 $142) 30. g4 g6 31. gxf5 gxf5 32. f3 Ke6 33. Rc4 Kd5 34. Ng2 Bd6 35. Nh4 Be5 {[%emt 0:03:33] Dodges Nxf5} (35... Ne5 $11 {keeps the balance.} 36. Ra4 Bb8) 36. Ba3 $16 Bd6 37. Ng6 exf3+ 38. Kxf3 Na5 39. Ra4 ({White should play} 39. Rh4 $16) 39... Nc6 $14 40. Rc4 (40. Bb2 $14) 40... Na5 $1 $16 41. Rh4 c4 {[%emt 0:00:57] [#]} (41... Rf7 $16 {was called for.} 42. Bb2 (42. Rxh6 Nc6 $16) 42... Nc6) 42. bxc4+ $1 $18 Nxc4 $2 {[%emt 0:00:38] [#]} (42... Kc6 43. Rxh6 Bxa3) 43. Rd4+ $1 {[%emt 0:00:06] White is clearly winning.} Ke6 44. Bxd6 (44. Rxc4 Bxa3 45. Nf4+ Kd6 $16) 44... Nxd6 45. Nf8+ {[%emt 0:00:04] Weighted Error Value: White=0.09 (flawless) /Black=0.29 (precise) .  Mistake:       	White=2     	Black=4      Inaccurate:     	---       	Black=4      OK:         	White=10    	Black=7      Best:        	---       	Black=2      Strong:       	White=2     	Black=1} 1-0

[Event "Turkish Youth Teams U18 2024"]
[Site "Karaman"]
[Date "2024.04.24"]
[Round "7"]
[White "Camlar, Arda"]
[Black "Buyuk, Eymen Eren"]
[Result "1-0"]
[ECO "D12"]
[WhiteElo "2389"]
[BlackElo "1998"]
[Annotator "TA"]
[PlyCount "83"]
[EventDate "2024.04.21"]
[EventType "team-tourn"]
[EventCountry "TUR"]
[SourceTitle "playchess.com"]
[Source "ChessBase"]
[SourceQuality "1"]
[TimeControl "5400+30"]

1. Nf3 d5 2. b3 Nf6 3. Bb2 c6 4. e3 Bf5 5. c4 e6 6. Nc3 h6 7. d4 Nbd7 8. Bd3 Bxd3 9. Qxd3 Be7 10. O-O O-O 11. e4 dxe4 12. Nxe4 Nxe4 13. Qxe4 {[%emt 0:00:00] The position is equal.} Nf6 14. Qe2 a5 15. a4 Qb6 16. Qe3 Rfe8 17. Rfd1 Rad8 (17... Ng4 {with more complications.} 18. Qc3 Qc7 19. Rd3 Bb4) 18. Rd3 Qa6 19. Bc3 Bb4 20. Bxb4 axb4 21. Qd2 Qa5 22. Re1 {[%emt 0:01:30] Against Ne4} b5 23. axb5 cxb5 24. c5 Nd5 25. Ne5 Qc7 26. Rg3 Kh8 27. Qe2 Nf6 28. Qd2 Nd5 29. h3 Rf8 (29... f6 $14) 30. Re4 $40 {[%emt 0:05:30][%mdl 128] And now Rh4 would win. White goes for the king.} Ne7 31. Qxb4 {[%emt 0:12:30] White is much more active.} Nf5 32. Rd3 Rd5 33. Qxb5 (33. f4 $16) 33... Nxd4 $2 34. Qc4 $18 (34. Rexd4 Rxe5 35. Rd1 Rxc5 $11) 34... Nxb3 (34... Nb5 {was worth a try.} 35. Qxb5 (35. Rxd5 exd5 36. Qxd5 Nc3 $11) 35... Rxe5 36. Rxe5 Qxe5) 35. Rxd5 exd5 36. Qxd5 (36. Qxb3 $2 {loses.} dxe4 37. Qd5 Kg8 $19) 36... Na5 {[%emt 0:00:11] White is clearly winning.} 37. Rf4 Kg8 {[%emt 0:00:41] [#]} 38. Rxf7 $1 Rxf7 39. Nxf7 ({Weaker is} 39. c6 Nxc6 40. Nxf7 Qxf7 $14) 39... Qxf7 40. Qd8+ Kh7 41. Qxa5 {[%emt 0:00:30] Strongly threatening Qc3.} Qf4 42. Qc3 {[%emt 0:00:30] Dodges Qc1+.   Weighted Error Value: White=0.15 (very precise) /Black=0.30.  Loses game:     	---       	Black=1      Mistake:       	White=1     	Black=2      Inaccurate:     	White=1     	Black=4      OK:         	White=10    	Black=9      Best:        	White=2     	Black=3      Brilliant:      	White=1     	---} 1-0

[Event "Turkish Youth Teams U18 2024"]
[Site "Karaman"]
[Date "2024.04.24"]
[Round "7"]
[White "Ersoz, Teoman Guney"]
[Black "Gungor, Cihan Akif"]
[Result "0-1"]
[ECO "D02"]
[WhiteElo "2123"]
[BlackElo "1927"]
[Annotator "RC"]
[PlyCount "167"]
[EventDate "2024.04.21"]
[EventType "team-tourn"]
[EventCountry "TUR"]
[SourceTitle "playchess.com"]
[Source "ChessBase"]
[SourceQuality "1"]
[TimeControl "5400+30"]

1. Nf3 d5 2. g3 e6 3. Bg2 Nf6 4. O-O c5 5. d4 cxd4 6. Nxd4 e5 7. Nb3 Nc6 8. c4 dxc4 9. Bxc6+ bxc6 10. Qxd8+ Kxd8 11. Na5 Kc7 12. Nxc4 Nd7 13. Bd2 f6 14. Rc1 Ba6 15. Be3 Nb6 16. Na5 Bxe2 17. Nxc6 Kb7 18. Na5+ Ka6 19. Nb3 Nc4 20. Nc3 Bf3 21. Bc5 Rc8 22. Ne4 Nxb2 23. Bxf8 Rxc1+ 24. Rxc1 Rxf8 25. Nec5+ Kb5 26. Ne6 Rf7 27. Nd2 Bg4 28. Nc7+ Ka5 29. Nb3+ Kb4 30. Nc5 Ka3 31. Rc3+ Kxa2 32. Nd5 a5 33. Rc2 Bf3 34. Nc3+ Ka3 35. Nb5+ Kb4 36. Nd6 Ra7 37. Ne6 Kb3 38. Rd2 Kc3 39. Nb5+ Kxd2 40. Nxa7 a4 41. Nb5 Nc4 42. Nc5 a3 43. Nxa3 Nxa3 44. Ne6 Kd3 45. Nxg7 Ke4 46. h3 Nb5 47. g4 Kd5 48. Kh2 Be4 49. Nh5 Ke6 50. f4 Nd4 51. fxe5 fxe5 52. h4 Bg6 53. Ng3 Kd5 54. h5 Bf7 55. Kg2 e4 56. g5 Ke5 57. g6 hxg6 58. hxg6 Bxg6 59. Nxe4 Bxe4+ 60. Kg3 Kf5 61. Kh4 Bf3 62. Kg3 Ke4 63. Kf2 Kf4 64. Ke1 Ke3 65. Kf1 Ne2 66. Ke1 Bg2 67. Kd1 Nd4 68. Kc1 Kd3 69. Kb2 Nc2 70. Kb3 Bc6 71. Kb2 Bd5 72. Kc1 Kc3 73. Kb1 Bc4 74. Kc1 Ba2 75. Kd1 Nd4 76. Kc1 Ne2+ 77. Kd1 Kd3 78. Ke1 Ke3 79. Kf1 Nf4 80. Ke1 Ng2+ 81. Kf1 Kf3 82. Kg1 Kg3 83. Kh1 Nh4 84. Kg1 0-1

[Event "Turkish Youth Teams U18 2024"]
[Site "Karaman"]
[Date "2024.04.24"]
[Round "7"]
[White "Oktem, Ege Tuna"]
[Black "Ilgaz, Yusuf Kerem"]
[Result "1/2-1/2"]
[ECO "C47"]
[WhiteElo "2076"]
[BlackElo "1957"]
[Annotator "TA"]
[PlyCount "113"]
[EventDate "2024.04.21"]
[EventType "team-tourn"]
[EventCountry "TUR"]
[SourceTitle "playchess.com"]
[Source "ChessBase"]
[SourceQuality "1"]
[TimeControl "5400+30"]

1. e4 e5 2. Nf3 Nc6 3. Nc3 Nf6 4. h3 Bb4 5. Bd3 O-O 6. a3 Bxc3 7. dxc3 d5 8. exd5 Qxd5 {[%emt 0:01:30] And now ...e4 would win.} 9. Be2 Bf5 10. Qxd5 (10. Nh4 {is interesting.} Qe4 11. Nxf5 Rad8 12. Bd2) 10... Nxd5 11. Bd1 f6 12. O-O g5 13. c4 Nde7 14. Be3 Rfd8 15. Re1 Bg6 16. b4 Nf5 17. Bc1 Nfd4 18. Ra2 Bf7 (18... Nxf3+ {simplifies} 19. Bxf3 Bf7 20. Ra1 Bxc4 21. Bxc6 bxc6 22. a4 a5) 19. Nd2 $1 b5 $2 (19... a5 $15 20. b5 Nb8) 20. c3 $16 bxc4 {[%emt 0:01:30] [#]} (20... Nf5 $142) 21. cxd4 (21. Ne4 $1 $16 f5 22. Nxg5) 21... c3 $11 22. Nb3 (22. Rc2 $11 {remains equal.} cxd2 23. Bxd2 Nxd4 24. Rxc7) 22... Nxd4 $17 23. Nxd4 exd4 24. Ra1 Re8 {[%emt 0:04:14] Prevents f4} (24... d3 $6 25. Kh2 $14) 25. Be3 $1 dxe3 26. fxe3 (26. Rc1 $15 {feels stronger.}) 26... a5 27. b5 ({Better is} 27. Bf3 Ra7 28. Rac1) 27... Rad8 28. Rc1 Rd3 29. Kf2 (29. a4 $17) 29... Bc4 $2 (29... f5 $19 {...f4 is the strong threat.} 30. e4 Rd2+ (30... Rxe4 $2 31. Rxe4 fxe4 32. Be2 $17) (30... fxe4 $2 31. Be2 $19) 31. Kf3 f4 32. Rxc3 Bh5+ 33. g4 fxg3+ 34. Kxg3 Bxd1 (34... Rxd1 $2 35. Rxd1 Bxd1 36. Rxc7 $19)) 30. Be2 $11 Rd2 $36 {[%emt 0:00:30][%mdl 2048] White is under pressure.} 31. Rxc3 Bxb5 32. Kf3 {[%emt 0:07:30] [#]} c6 33. Bxb5 cxb5 $17 {[%emt 0:00:30][%mdl 4096] Endgame. KRR-KRR} 34. Rc5 Rb2 (34... Ra2 $17 35. Rxb5 Rxa3) 35. Rc7 (35. a4 $1 $11) 35... Rb3 $19 36. Kg4 (36. Kf2 $17) 36... Rbxe3 $2 ({But not} 36... Rexe3 37. Rxe3 Rxe3 38. Kf5 $15) ({Black should play} 36... Rxa3 $19 {[%cal Ob5b4] aiming for ...b4!} 37. Kf5 b4 (37... Rexe3 $2 {too greedy.} 38. Kxf6 h6 39. Rc8+ Kh7 40. Rec1 $18) (37... Raxe3 38. Rxe3 Rxe3 39. Kxf6 $17) 38. Kxf6 Ra2 (38... Rexe3 39. Rc8+) 39. Kxg5 b3 (39... Rxg2+ $2 40. Kf4 $19)) 37. Rxe3 $11 {[%emt 0:00:30] The position is equal.} Rxe3 $19 {[%emt 0:00:30] KR-KR} 38. Kf5 Re2 {[%emt 0:00:54] Hoping for ...Rf2+.} 39. Kxf6 {[%emt 0:00:32] Rc8+ would kill now.} Rf2+ ({And not} 39... Rxg2 40. Rc8#) 40. Kxg5 Rxg2+ 41. Kh4 $1 Rb2 42. Ra7 $1 a4 {[%emt 0:00:25] Strongly threatening ...Rb3.} 43. Rb7 $1 Rb3 44. Kg4 Rxa3 45. Rxb5 Ra1 46. Rb7 a3 47. Ra7 a2 {[%emt 0:02:10] ( -> ...Rg1+)} 48. Kh5 Rh1 49. Rxa2 Rxh3+ 50. Kg5 Rg3+ 51. Kh6 Rg6+ 52. Kh5 Rf6 53. Ra8+ Kg7 54. Ra7+ Rf7 55. Rxf7+ Kxf7 56. Kh6 Ke8 57. Kxh7 {[%emt 0:00:30] Weighted Error Value: White=0.23 (precise) /Black=0.24 (precise) .  Missed win:     	---       	Black=2      Mistake:       	White=7     	Black=3      Inaccurate:     	White=3     	Black=1      OK:         	White=12    	Black=12     Best:        	White=7     	Black=4      Strong:       	White=5     	---} 1/2-1/2

[Event "Turkish Youth Teams U18 2024"]
[Site "Karaman"]
[Date "2024.04.24"]
[Round "7"]
[White "Portakalci, Yusuf"]
[Black "Yildiz, Egehan"]
[Result "1/2-1/2"]
[ECO "D02"]
[WhiteElo "2038"]
[BlackElo "1912"]
[Annotator "TA"]
[PlyCount "76"]
[EventDate "2024.04.21"]
[EventType "team-tourn"]
[EventCountry "TUR"]
[SourceTitle "playchess.com"]
[Source "ChessBase"]
[SourceQuality "1"]
[TimeControl "5400+30"]

1. d4 d5 2. Nf3 e6 3. Bf4 Bd6 4. e3 Bxf4 5. exf4 Qd6 6. Qc1 b6 7. g3 Ne7 8. c3 {[%emt 0:01:30] The position is equal.} O-O 9. Nbd2 c5 10. Nb3 Ba6 11. Bxa6 Nxa6 12. O-O Nf5 13. Re1 Rac8 14. Qd1 Nb8 15. Qe2 Nc6 16. Rad1 c4 17. Nbd2 b5 18. a3 a5 19. Nf1 b4 20. axb4 axb4 21. Ne5 bxc3 22. bxc3 Rb8 23. g4 {[%emt 0:05:30] Nxc6 would now be deadly.} Nh4 24. Qe3 Nxe5 25. fxe5 (25. dxe5 $11 Qe7 26. Ng3) 25... Qe7 $1 $17 26. Ng3 Rb3 27. Nh5 Qg5 28. h3 (28. Kh1 $15 Qxe3 (28... Qxg4 29. Nf6+ gxf6 30. Rg1 $11) 29. Rxe3) 28... Qxe3 $19 29. Rxe3 Ra8 30. Kh2 (30. Kf1 $142) 30... Ra2 31. Kg3 Ng6 (31... g5 $19 {Strongly threatening ...Kf8.} 32. Rf1 Rbb2) 32. Rc1 {[%emt 0:01:17] [#]} Rbb2 $1 33. Rf3 {[%emt 0:00:36] [#]} h6 ({Black should play} 33... Ne7 $1 $17 34. Kg2 Nc6) 34. h4 $15 Kf8 35. Nf4 Nxf4 36. Rxf4 Rc2 37. Rxc2 Rxc2 38. Rf3 Ke7 {[%emt 0:00:55] Weighted Error Value: White=0.22 (precise) /Black=0.12 (very precise) .  Missed win:     	---       	Black=1      Mistake:       	White=3     	Black=1      Inaccurate:     	White=1     	Black=2      OK:         	White=12    	Black=13     Best:        	---       	Black=2      Strong:       	---       	Black=2} 1/2-1/2

[Event "Turkish Youth Teams U18 2024"]
[Site "Karaman"]
[Date "2024.04.24"]
[Round "7"]
[White "Demirtas, Alper"]
[Black "Cakmak, Kursat Kagan"]
[Result "0-1"]
[ECO "D02"]
[WhiteElo "2020"]
[BlackElo "1798"]
[Annotator "TA"]
[PlyCount "90"]
[EventDate "2024.04.21"]
[EventType "team-tourn"]
[EventCountry "TUR"]
[SourceTitle "playchess.com"]
[Source "ChessBase"]
[SourceQuality "1"]
[TimeControl "5400+30"]

1. Nf3 d5 2. d4 e6 3. c3 Nf6 4. Bf4 Bd6 5. e3 O-O 6. Nbd2 c5 7. Ne5 Qc7 8. Bd3 {[%emt 0:06:30] The position is equal.} Nc6 9. Ndf3 cxd4 10. exd4 Ne4 11. Bg3 Ne7 12. Ng4 f6 13. Bxd6 Qxd6 14. Qc2 Ng6 15. Ne3 Qf4 16. O-O f5 17. Rae1 Qd6 18. Kh1 b6 19. Ne5 Nxe5 20. dxe5 Qc7 ({But not} 20... Qxe5 21. f3 $14) 21. f3 Nc5 22. f4 Bb7 23. Be2 ({Better is} 23. Qd1 $11) 23... Ne4 ({Black should play} 23... g5 $1 $15 24. fxg5 Qxe5) 24. Rd1 {[%emt 0:00:30] [#]} (24. Qc1 $11 {remains equal.}) 24... Qc5 (24... g5 $1 $17 {White must now prevent ...gxf4.} 25. fxg5 Qxe5) 25. Rd4 Rac8 26. Qa4 Bc6 27. Qd1 Bb5 28. Nc2 a5 29. a4 Bd7 30. Na3 $2 {[%emt 0:17:30] [#] Prevents b5. Black converts the advantage convincingly.} (30. g4 $11 {and White stays safe.}) 30... Nxc3 $1 $19 31. bxc3 Qxa3 32. c4 Bxa4 ({Not} 32... Qxa4 33. cxd5 Qxd1 34. Rfxd1 $15) 33. Qa1 Qxa1 34. Rxa1 Bb3 35. cxd5 Bxd5 36. Kg1 Rc2 {[%emt 0:05:30] Prevents Rd2.} 37. Bf1 {[%emt 0:00:30] Black is clearly winning.} Rfc8 38. Rdd1 Rb2 39. Rdc1 Rcc2 {[%emt 0:00:30] ...Rxc1 is the strong threat.} 40. Rxc2 Rxc2 {[%emt 0:00:30] KRB-KRB} 41. Rb1 (41. h3 $142) 41... a4 {[%emt 0:00:30] Hoping for ...a3.} 42. Ra1 Ra2 43. Rb1 a3 44. Rxb6 Rb2 45. Ra6 a2 {[%emt 0:00:00] Weighted Error Value: White=0.46/Black=0.18 (very precise) .  Loses game:     	White=1     	---        Mistake:       	White=3     	Black=2      Inaccurate:     	White=2     	Black=2      OK:         	White=7     	Black=14     Best:        	---       	Black=3      Brilliant:      	---       	Black=1} 0-1